 Dungeon Crawl Stone Soup version 0.19-a0-1675-gc11f27c (webtiles) character file.

73 Magifyre the Cudgeler (level 4, -4/28 HPs)
             Began as a Gargoyle Berserker on Sept 23, 2016.
             Was a Believer of Trog.
             Engulfed by a cloud of flame (9 damage)
             ... on level 2 of the Dungeon.
             The game lasted 00:02:36 (1452 turns).

Magifyre the Cudgeler (Gargoyle Berserker)          Turns: 1452, Time: 00:02:37

Health: -4/28      AC: 10    Str: 21    XL:     4   Next: 27%
Magic:  4/4        EV: 11    Int:  8    God:    Trog [**....]
Gold:   83         SH:  0    Dex:  9    Spells: 0 memorised, 3 levels left

rFire  . . .     SeeInvis .     b - -1 hunting sling
rCold  . . .     Gourm    .     m - +1 ring mail
rNeg   + . .     Faith    .     (no shield)
rPois  ∞         Spirit   .     (no helmet)
rElec  +         Dismiss  .     (no cloak)
rCorr  .         Reflect  .     (no gloves)
MR     .....     Harm     .     (no boots)
Stlth  ..........               (no amulet)
                                (no ring)
                                (no ring)

@: no status effects
A: negative energy resistance 1, electricity resistance, unbreathing,
petrification resistance, rot immunity, AC +3
a: Berserk, Trog's Hand, Burn Spellbooks, Renounce Religion


You were on level 2 of the Dungeon.
You worshipped Trog.
Trog was pleased with you.
You were near starving.

You visited 1 branch of the dungeon, and saw 2 of its levels.

You collected 83 gold pieces.

Inventory:

Hand Weapons
 a - a +0 mace
 b - a -1 hunting sling (weapon)
Missiles
 e - 101 stones (quivered)
 g - 16 sling bullets
Armour
 m - a +1 ring mail (worn)
Scrolls
 f - 2 scrolls of remove curse
 h - a scroll of teleportation {unknown}
 j - 2 scrolls of recharging
Potions
 d - a potion of lignification {unknown}
Comestibles
 c - 2 bread rations
 i - a meat ration


   Skills:
 - Level 3.2 Fighting
 + Level 5.0 Maces & Flails
 - Level 2.1 Armour
 - Level 1.5 Dodging


You had 3 spell levels left.
You didn't know any spells.

Dungeon Overview and Level Annotations

Branches:
Dungeon (2/15)

Altars:
Vehumet


Innate Abilities, Weirdness & Mutations

You are resistant to torment.
Your stone body is resilient. (AC +3)
You are immune to poison.
You resist negative energy. (rN+)
You are resistant to electric shocks. (rElec)
You can survive without breathing.
You are immune to petrification.
You are immune to rotting.


Message History

Found a dagger.
e - 85 stones (gained 1)
e - 99 stones (gained 14)
e - 100 stones (gained 1)
e - 101 stones (gained 1) HP restored.
Done exploring.
Done exploring.
Done exploring.
Done exploring.
Done exploring.
Really walk into a travel-excluded area?
Really walk into that cloud of flame?
You are engulfed in roaring flames.
Ouch! That really hurt!
* * * LOW HITPOINT WARNING * * *
There is a radiant altar of Vehumet here.
Really walk into that cloud of flame?
You are engulfed in roaring flames.
You die...

##### #...# #...# #...# ##
#...##### .# #.......### #######
.### #....##...## #...... ...#
#......§§..# ##...... #..##
#.......@..# ##....... #...#
###...._...# ##........
##..#######..§§..§######..>######
............#.....###.........#
.<............................#
..............................#
...............#####..........#
......##..###..#..............#
##.#...........#.##############


There were no monsters in sight!

Vanquished Creatures
  2 adders (D:2)
  4 dart slugs (D:1)
  6 bats
  2 giant cockroaches
  5 goblins
  7 hobgoblins
  5 jackals (D:1)
  3 kobolds (D:1)
  3 frilled lizards (D:1)
  8 rats
45 creatures vanquished.

Notes
Turn   | Place    | Note
-------+----------+-------------------------------------------
     0 | D:1      | Magifyre the Gargoyle Berserker began the quest for the Orb.
     0 | D:1      | Reached XP level 1. HP: 14/14 MP: 1/1
   242 | D:1      | Reached XP level 2. HP: 19/19 MP: 2/2
   409 | D:1      | Reached skill level 4 in Maces & Flails
   451 | D:1      | Reached XP level 3. HP: 23/23 MP: 3/3
   629 | D:1      | Reached ** piety under Trog
  1041 | D:2      | Reached XP level 4. HP: 28/28 MP: 4/4
  1203 | D:2      | Found a radiant altar of Vehumet.
  1360 | D:2      | Reached skill level 5 in Maces & Flails
  1452 | D:2      | Engulfed by a cloud of flame

Vault maps used:
D:1:      sevenhm_arrival_forest_fort_small_4, minmay_statues_item,
          serial_park_tiny_2
D:2:      fiery_altar_vehumet

Skill      XL: |  1  2  3  4 |
---------------+-------------+-----
Maces & Flails | 4 5 |  5.0
Fighting       | |  3.2
Armour         | |  2.1
Dodging        | |  1.5

Action                   |  1- 3 |  4- 6 || total
-------------------------+-------+-------++-------
Melee: Mace              |   102 |       ||   102
 Fire: Hunting sling     |    22 |    36 ||    58
  Use: Scroll            |     4 |       ||     4
Armor: Animal skin       |     5 |       ||     5
       Leather armour    |    35 |       ||    35
       Ring mail         |    15 |    12 ||    27
Dodge: Dodged            |    68 |    16 ||    84
